 Dungeon Sprint DCSS version 0.17-a0-1650-gce8475a (webtiles) character file.

8665 Kidiri the Unseen (level 11, -3/47 HPs)
             Began as a Spriggan Enchanter on Aug 13, 2015.
             Was the Champion of Dithmenos.
             Slain by a six-headed hydra (8 damage)
             ... in the Dungeon (Sprint III: "The Ten Rune Challenge").
             The game lasted 00:08:10 (1984 turns).

Kidiri the Unseen (Spriggan Enchanter)              Turns: 1984, Time: 00:08:10

Health: -3/47      AC:  3    Str:  4    XL:     11   Next: 12%
Magic:  22/29      EV: 32    Int: 19    God:    Dithmenos [******]
Gold:   40         SH:  0    Dex: 18    Spells: 9 memorised, 6 levels left

rFire  . . .     SeeInvis +     a - +1 dagger
rCold  . . .     Clarity  .     b - +1 robe
rNeg   . . .     SustAt   .     (shield restricted)
rPois  .         Gourm    .     (helmet restricted)
rElec  .         Spirit   .     (no cloak)
rCorr  .         Warding  .     (gloves unavailable)
rMut   .         NoTele   +     (boots unavailable)
MR     +....                    (no amulet)
Stlth  +++++++...               (no ring)
                                (no ring)

@: wreathed by umbra, very quick, somewhat resistant to hostile enchantments,
extremely stealthy
A: unfitting armour, see invisible, herbivore 3, speed 3, slow healing 1, slow
metabolism 2
a: Shadow Step, Shadow Form, Renounce Religion


You were in the Dungeon.
You worshipped Dithmenos.
Dithmenos was exalted by your worship.
You were not hungry.

You visited 1 branch You collected 40 gold pieces.

Inventory:

Hand weapons
 a - a +1 dagger (weapon)
Armour
 b - a +1 robe (worn)
Magical devices
 s - a wand of enslavement (9)
Scrolls
 j - a scroll of blinking
 k - a scroll of holy word {unknown}
 l - a scroll of identify {unknown}
 m - a scroll of immolation
 p - a scroll of torment {unknown}
 q - a scroll of remove curse {unknown}
Potions
 f - 2 potions of heal wounds
 g - a potion of haste
 h - 3 potions of magic
 i - 2 potions of berserk rage
 o - 4 potions of flight
 r - a potion of might
Books
 c - a book of Maledictions

   Spells                             Type                      Level
   a - Corona                         Hexes                        1
   b - Ensorcelled Hibernation        Hexes/Ice                    2
   c - Confuse                        Hexes                        3
   d - Tukima's Dance                 Hexes                        3
   e - Dazzling Spray                 Conjuration/Hexes            3
 e - a book of Burglary

   Spells                             Type                      Level
   a - Swiftness                      Charms/Air                   2
   b - Passwall                       Transmutation/Earth          3
   c - Passage of Golubria            Translocation                4
   d - Lee's Rapid Deconstruction     Earth                        5
   e - Darkness                       Hexes                        6
   f - Invisibility                   Hexes                        6
Comestibles
 d - 2 bread rations
 n - 25 royal jellies


   Skills:
 + Level 8.9 Short Blades
 * Level 15.5 Dodging
 * Level 17.0 Stealth
 * Level 13.5 Spellcasting
 + Level 5.7 Conjurations
 + Level 10.3 Hexes
 + Level 8.9 Translocations
 + Level 8.5 Transmutations
 + Level 6.5 Ice Magic
 + Level 5.8 Earth Magic
 - Level 2.2 Invocations


You had 6 spell levels left.
You knew the following spells:

 Your Spells              Type           Power        Failure   Level  Hunger
a - Corona                Hex            ######.      1%          1    None
b - Ensorcelled Hibernat  Hex/Ice        #####.       1%          2    None
c - Confuse               Hex            ######..     1%          3    None
d - Tukima's Dance        Hex            ######..     1%          3    None
e - Dazzling Spray        Conj/Hex       #####...     1%          3    None
f - Passwall              Trmt/Erth      #####.....   1%          3    None
g - Passage of Golubria   Tloc           N/A          1%          4    None
h - Darkness              Hex            ######....   14%         6    #####..
i - Invisibility          Hex            ######..     14%         6    #####..


Dungeon Overview and Level Annotations

Branches:
Dungeon (1/1)

Altars:
Cheibriados
Dithmenos
Elyvilon
Fedhas
Gozag
Kikubaaqudgha
Makhleb
Nemelex Xobeh
Okawaru
Qazlal
Ru
Sif Muna
Trog
Vehumet
Xom
Yredelemnul
Zin
The Shining One
Jiyva
Lugonu


Innate Abilities, Weirdness & Mutations

You are tiny and cannot use many weapons and most armour.
You have supernaturally acute eyesight.
You are a herbivore.
You cover ground extremely quickly.
You need consume almost no food.
You heal slowly when monsters are visible.


Message History

The six-headed hydra completely misses you.
The six-headed hydra misses you.
The six-headed hydra closely misses you.
The six-headed hydra barely misses you.
The six-headed hydra completely misses you.
Drink which item? (? for menu, Esc to quit)
You feel much better.
The eight-headed hydra barely misses you.
The eight-headed hydra closely misses you.
The eight-headed hydra bites you! The eight-headed hydra bites you.
The eight-headed hydra barely misses you.
The eight-headed hydra bites you!
You emit a cloud of dark smoke.
The eight-headed hydra completely misses you.
The eight-headed hydra bites you!
* * * LOW HITPOINT WARNING * * *
The six-headed hydra barely misses you. The six-headed hydra bites you.
* * * LOW HITPOINT WARNING * * *
The six-headed hydra completely misses you.
The six-headed hydra barely misses you. The six-headed hydra bites you!
You die...

#___#_.+...#.#.)§#...#)).##.#.#.#
▓▓▓▓▓▓▓▓▓▓▓▓▓▓▓▓▓▓▓▓▓▓▓▓▓#.#.#.#.
♣♣≈≈≈........≈≈≈...##.#.#.#
+♣♣'♣≈≈≈≈≈≈≈≈≈≈≈≈♣♣P.'.#.#.#.
#.≈♣♣♣♣♣♣♣♣♣♣♣♣♣♣♣♣PP##.#.#.#
#..♣♣ ♣♣♣ #+#####
###'♣♣♣♣♣♣♣♣♣♣♣♣♣♣♣
♣♣♣♣.##..##≈§§D§≈..#
♣%..##%##.#≈§@D§...#
♣♣.##.##%##§§§§§§###
♣..#.##...#≈§..§§§§§
♣♣.##.##.)#≈..+#####
♣♣.##.#####...# ♣.....# .....#
####### +######


You could see an eight-headed hydra and a six-headed hydra.

Vanquished Creatures
  Maud (D)
  A centaur warrior (D)
  Erica (D)
  An unseen horror (D)
  A lindwurm (D)
  2 spiny frogs (D)
  3 wandering mushrooms (D)
  A deep elf priest (D)
  A komodo dragon (D)
  A queen bee (D)
  3 redbacks (D)
  A shadow (D)
  A spatial vortex (D)
  A necrophage (D)
  2 centaurs (D)
  An earth elemental (D)
  2 brain worms (D)
  A water elemental (D)
  32 killer bees (D)
  An electric eel (D)
  A jelly (D)
  A necromancer (D)
  A wizard (D)
  A wolf (D)
  A kobold demonologist (D)
  3 humans (D)
  2 oozes (D)
  2 rats (D)
70 creatures vanquished.

Vanquished Creatures (others)
  2 draconian scorchers (D)
  A yaktaur (D)
3 creatures vanquished.

Grand Total: 73 creatures vanquished

Notes
Turn   | Place    | Note
--------------------------------------------------------------
     0 | D        | Kidiri the Spriggan Enchanter began the quest for the Orb.
     0 | D        | Reached XP level 1. HP: 9/9 MP: 5/5
     4 | D        | Reached skill level 5 in Stealth
    16 | D        | Reached XP level 2. HP: 8/13 MP: 4/7
    20 | D        | Learned a level 2 spell: Ensorcelled Hibernation
   163 | D        | Noticed a wolf
   178 | D        | Killed a wolf
   178 | D        | Reached skill level 5 in Dodging
   178 | D        | Reached skill level 6 in Stealth
   178 | D        | Reached skill level 1 in Ice Magic
   178 | D        | Reached XP level 3. HP: 16/16 MP: 6/10
   186 | D        | Learned a level 3 spell: Confuse
   190 | D        | Learned a level 3 spell: Tukima's Dance
   228 | D        | Killed a white draconian scorcher
   284 | D        | Killed a white draconian scorcher
   299 | D        | Gained mutation: You can spit weak poison. [potion of mutation]
   299 | D        | Gained mutation: You have a pair of small horns on your head. [potion of mutation]
   300 | D        | Gained mutation: You heal slowly when monsters are visible. [potion of mutation]
   300 | D        | Gained mutation: You are clumsy. (Dex -2) [potion of mutation]
   300 | D        | Gained mutation: Your spells are a little harder to cast, but a little more powerful. [potion of mutation]
   301 | D        | Lost mutation: You have a pair of small horns on your head. [potion of mutation]
   301 | D        | Gained mutation: You are weak. (Str -2) [potion of mutation]
   302 | D        | Lost mutation: You can spit weak poison. [potion of cure mutation]
   302 | D        | Lost mutation: You are weak. (Str -2) [potion of cure mutation]
   302 | D        | Lost mutation: You are clumsy. (Dex -2) [potion of cure mutation]
   302 | D        | Lost mutation: Your spells are a little harder to cast, but a little more powerful. [potion of cure mutation]
   328 | D        | Killed a yaktaur
   333 | D        | Noticed a water elemental
   336 | D        | Killed a water elemental
   336 | D        | Reached skill level 8 in Stealth
   336 | D        | Reached skill level 5 in Spellcasting
   336 | D        | Reached skill level 5 in Hexes
   336 | D        | Reached XP level 4. HP: 21/21 MP: 10/12
   341 | D        | Learned a level 3 spell: Dazzling Spray
   359 | D        | Noticed a jelly
   360 | D        | Noticed a shadow
   362 | D        | Killed a shadow
   362 | D        | Reached skill level 9 in Stealth
   362 | D        | Reached skill level 1 in Conjurations
   362 | D        | Reached XP level 5. HP: 24/24 MP: 12/15
   362 | D        | Reached XP level 6. HP: 28/28 MP: 13/17
   370 | D        | Killed a jelly
   370 | D        | Reached skill level 10 in Stealth
   512 | D        | Found a stormy altar of Qazlal.
   513 | D        | Found a sacrificial altar of Ru.
   513 | D        | Found a burning altar of Makhleb.
   513 | D        | Found a viscous altar of Jiyva.
   513 | D        | Found a shimmering altar of Xom.
   513 | D        | Found a shadowy altar of Dithmenos.
   513 | D        | Found a sparkling altar of Nemelex Xobeh.
   513 | D        | Found a corrupted altar of Lugonu.
   513 | D        | Found an opulent altar of Gozag.
   513 | D        | Noticed a spatial vortex
   517 | D        | Became a worshipper of Dithmenos the Shadowed
   518 | D        | Killed a spatial vortex
   518 | D        | Reached skill level 5 in Short Blades
   518 | D        | Reached skill level 11 in Stealth
   544 | D        | Found a radiant altar of Vehumet.
   545 | D        | Found a deep blue altar of Sif Muna.
   545 | D        | Found an ancient bone altar of Kikubaaqudgha.
   545 | D        | Noticed a wizard
   546 | D        | Killed a wizard
   548 | D        | Reached skill level 10 in Dodging
   560 | D        | Learned a level 3 spell: Passwall
   565 | D        | Learned a level 4 spell: Passage of Golubria
   610 | D        | Found a glowing silver altar of Zin.
   611 | D        | Found a glowing golden altar of the Shining One.
   611 | D        | Found a white marble altar of Elyvilon.
   611 | D        | Noticed a deep elf priest
   618 | D        | Killed a deep elf priest
   618 | D        | Reached skill level 1 in Earth Magic
   618 | D        | Reached skill level 1 in Invocations
   618 | D        | Reached XP level 7. HP: 21/32 MP: 10/20
   772 | D        | Found an iron altar of Okawaru.
   773 | D        | Found a bloodstained altar of Trog.
   773 | D        | Noticed a human
   773 | D        | Noticed a human
   775 | D        | Killed a human
   775 | D        | Reached skill level 12 in Stealth
   776 | D        | Killed a human
   791 | D        | Found a snail-covered altar of Cheibriados.
   791 | D        | Noticed a necrophage
   799 | D        | Killed a necrophage
   799 | D        | Acquired Dithmenos's first power
   799 | D        | Reached XP level 8. HP: 34/36 MP: 16/22
   835 | D        | Found a basalt altar of Yredelemnul.
   835 | D        | Found a blossoming altar of Fedhas.
   835 | D        | Noticed a necromancer
   836 | D        | Killed a necromancer
   858 | D        | Learned a level 6 spell: Darkness
   863 | D        | Noticed Erica
   868 | D        | Killed Erica
   868 | D        | Reached skill level 13 in Stealth
   868 | D        | Reached skill level 10 in Spellcasting
   868 | D        | Reached skill level 5 in Translocations
  1003 | D        | Noticed an earth elemental
  1006 | D        | Killed an earth elemental
  1011 | D        | Noticed a centaur
  1011 | D        | Noticed a centaur warrior
  1011 | D        | Noticed a centaur
  1013 | D        | Killed a centaur
  1016 | D        | Killed a centaur warrior
  1016 | D        | Reached skill level 14 in Stealth
  1016 | D        | Reached skill level 5 in Transmutations
  1016 | D        | Reached skill level 5 in Ice Magic
  1016 | D        | Reached XP level 9. HP: 39/39 MP: 23/25
  1017 | D        | Killed a centaur
  1017 | D        | Acquired Dithmenos's second power
  1040 | D        | Noticed an unseen horror
  1044 | D        | Killed an unseen horror
  1061 | D        | Learned a level 6 spell: Invisibility
  1061 | D        | Noticed a killer bee
  1061 | D        | Noticed a killer bee
  1061 | D        | Noticed a killer bee
  1061 | D        | Noticed a killer bee
  1061 | D        | Noticed a killer bee
  1061 | D        | Noticed a killer bee
  1061 | D        | Noticed a killer bee
  1061 | D        | Noticed a killer bee
  1061 | D        | Noticed a killer bee
  1061 | D        | Noticed a killer bee
  1061 | D        | Noticed a killer bee
  1061 | D        | Noticed a killer bee
  1061 | D        | Noticed a killer bee
  1061 | D        | Noticed a killer bee
  1061 | D        | Noticed a killer bee
  1062 | D        | Noticed a queen bee
  1062 | D        | Noticed a killer bee
  1062 | D        | Noticed a killer bee
  1062 | D        | Noticed a killer bee
  1062 | D        | Noticed a killer bee
  1062 | D        | Noticed a killer bee
  1062 | D        | Noticed a killer bee
  1062 | D        | Noticed a killer bee
  1062 | D        | Noticed a killer bee
  1062 | D        | Noticed a killer bee
  1062 | D        | Noticed a killer bee
  1062 | D        | Noticed a killer bee
  1062 | D        | Noticed a killer bee
  1062 | D        | Noticed a killer bee
  1062 | D        | Noticed a killer bee
  1062 | D        | Noticed a killer bee
  1062 | D        | Noticed a killer bee
  1062 | D        | Noticed a killer bee
  1063 | D        | Killed a killer bee
  1066 | D        | Killed a killer bee
  1068 | D        | Killed a killer bee
  1070 | D        | Killed a killer bee
  1070 | D        | Acquired Dithmenos's third power
  1074 | D        | Killed a killer bee
  1076 | D        | Killed a killer bee
  1078 | D        | Killed a killer bee
  1082 | D        | Killed a killer bee
  1084 | D        | Killed a killer bee
  1084 | D        | Acquired Dithmenos's fourth power
  1086 | D        | Killed a killer bee
  1090 | D        | Killed a killer bee
  1249 | D        | Killed a killer bee
  1254 | D        | Killed a killer bee
  1257 | D        | Killed a killer bee
  1259 | D        | Killed a killer bee
  1261 | D        | Killed a killer bee
  1261 | D        | Reached XP level 10. HP: 44/44 MP: 15/27
  1263 | D        | Killed a killer bee
  1265 | D        | Killed a killer bee
  1267 | D        | Killed a killer bee
  1267 | D        | Reached skill level 15 in Stealth
  1269 | D        | Killed a killer bee
  1271 | D        | Killed a killer bee
  1273 | D        | Killed a killer bee
  1275 | D        | Killed a killer bee
  1277 | D        | Killed a killer bee
  1414 | D        | Killed a killer bee
  1418 | D        | Killed a killer bee
  1420 | D        | Killed a killer bee
  1422 | D        | Killed a killer bee
  1425 | D        | Killed a killer bee
  1427 | D        | Killed a killer bee
  1429 | D        | Killed a killer bee
  1433 | D        | Killed a killer bee
  1448 | D        | Killed a queen bee
  1642 | D        | Noticed a wandering mushroom
  1643 | D        | Noticed a wandering mushroom
  1643 | D        | Noticed a wandering mushroom
  1644 | D        | Killed a wandering mushroom
  1644 | D        | Reached skill level 5 in Conjurations
  1646 | D        | Killed a wandering mushroom
  1647 | D        | Killed a wandering mushroom
  1653 | D        | Noticed a spiny frog
  1653 | D        | Noticed a komodo dragon
  1653 | D        | Noticed a spiny frog
  1660 | D        | Killed a spiny frog
  1660 | D        | Reached skill level 5 in Earth Magic
  1667 | D        | Killed a komodo dragon
  1667 | D        | Reached skill level 16 in Stealth
  1672 | D        | Killed a spiny frog
  1866 | D        | Noticed a redback
  1868 | D        | Killed a redback
  1869 | D        | Noticed a brain worm
  1872 | D        | Killed a brain worm
  1882 | D        | Noticed a brain worm
  1884 | D        | Killed a brain worm
  1892 | D        | Noticed a lindwurm
  1902 | D        | Noticed a redback
  1902 | D        | Killed a lindwurm
  1902 | D        | Reached skill level 15 in Dodging
  1902 | D        | Reached skill level 10 in Hexes
  1904 | D        | Killed a redback
  1909 | D        | Noticed a redback
  1910 | D        | Killed a redback
  1911 | D        | Noticed Maud
  1913 | D        | Killed Maud
  1913 | D        | Reached XP level 11. HP: 47/47 MP: 27/29
  1976 | D        | Noticed an electric eel
  1977 | D        | Noticed an eight-headed hydra
  1977 | D        | Noticed a six-headed hydra
  1978 | D        | Killed an electric eel
  1978 | D        | Reached skill level 17 in Stealth
  1984 | D        | Slain by a six-headed hydra

Vault maps used:
D:        dungeon_sprint_mu

Action                   |  1- 3 |  4- 6 |  7- 9 | 10-12 || total
-------------------------+-------+-------+-------+-------++-------
Melee: Dagger            |    17 |    11 |    59 |    45 ||   132
 Cast: Corona            |     1 |       |       |       ||     1
       Ensorcelled Hiber |     4 |     4 |    22 |    27 ||    57
       Confuse           |       |     1 |     2 |     1 ||     4
       Dazzling Spray    |       |     1 |     1 |       ||     2
       Passwall          |       |       |       |     1 ||     1
Invok: Shadow Step       |       |       |       |     4 ||     4
  Use: Potion            |     5 |       |       |     1 ||     6
       Scroll            |     1 |       |       |       ||     1
 Stab: Sleeping          |     6 |     4 |    24 |    30 ||    64
       Invisible         |       |     1 |     1 |       ||     2
       Confused          |       |       |     1 |     2 ||     3
